 Dungeon Crawl Stone Soup version 0.31-a0-810-ga77100ea1a (webtiles) character file.

Game seed: 13603893060340030103

157 ytrimaz the Sneak (level 5, -8/22 HPs)
             Began as an Octopode Shapeshifter on Sept 21, 2023.
             Was an Initiate of Ashenzari.
             Mangled by an ogre
             ... wielding a +0 giant club
              (30 damage)
             ... on level 4 of the Dungeon.
             The game lasted 00:03:56 (2948 turns).

ytrimaz the Sneak (Octopode Shapeshifter)           Turns: 2948, Time: 00:03:56

Health: -8/22      AC:  3    Str: 14    XL:     5   Next: 38%
Magic:  5/5        EV: 13    Int: 12    God:    Ashenzari [......]
Gold:   220        SH:  0    Dex: 13    Spells: 4/4 levels left

rFire   . .          .
                       - Unarmed
rCold   . . .        (shield currently unavailable)
rNeg    + . .        e - +2 hood of the Assassin {Detect Stab+ Stlth++}
rPois   .            (no amulet)
rElec   .            f - ring of positive energy
rCorr   .            (no ring)
SInv    .            (no ring)
Will    .....        (no ring)
Stlth   +++          (no ring)
HPRegen 0.23/turn    (no ring)
MPRegen 0.09/turn    (no ring)
                     (no ring)

%: no passive effects
@: flux-form, glowing
A: glow, contaminating, reduced hp, almost no armour, amphibious, 8 rings,
camouflage 1, gelatinous body 1, (nimble swimmer 1), tentacles
a: Begin Untransformation, Renounce Religion


You were on level 4 of the Dungeon.
You worshipped Ashenzari.
Ashenzari was noncommittal.
You were something dangerously unstable.
You visited 2 branches of the dungeon, and saw 5 of its levels.

You collected 220 gold pieces.


Innate Abilities, Weirdness & Mutations

You are something dangerously unstable.
You glow with magical radiation, making you easy to see and hit.
Foes you strike become dangerously contaminated with magical radiation.
Your maximum health is decreased, since you lack skill for your form.
You are incapable of wielding weapons or throwing items.
You cannot wear most types of armour.
You are amphibious.
You can wear up to eight rings at the same time.
Your skin changes colour to match your surroundings (Stealth+).
Your rubbery body absorbs attacks. (AC +1, EV +1)
((You are camouflaged when in or above water. (Stealth+)))
You have tentacles for arms and can constrict up to eight enemies at once.


   Skills:
 - Level 1.0 Fighting
 - Level 2.0 Dodging
 * Level 4.8 Stealth
 - Level 4.0 Unarmed Combat
 * Level 3.7 Shapeshifting


You had 4 spell levels left.
You didn't know any spells.
Your spell library contained the following spells:

 Spells                   Type           Power      Damage    Failure   Level
 Static Discharge         Conj/Air       0%         2-2/arc   45%         2
 Inner Flame              Hex/Fire       0%         N/A       69%         3
 Airstrike                Air            0%         2d(0-16)  97%         4
 Summon Lightning Spire   Summ/Air       0%         N/A       97%         4
 Summon Forest            Summ/Tloc      0%         N/A       100%        5
 Yara's Violent Unravell  Hex/Tmut       0%         3d3       100%        5
 Eringya's Noxious Bog    Tmut/Pois      0%         4d6       100%        6
 Enfeeble                 Hex            0%         N/A       100%        7
 Summon Hydra             Summ           0%         N/A       100%        7

Inventory:

Armour
 e - the +2 hood of the Assassin (worn) {Detect Stab+ Stlth++}
   (You acquired it on level 4 of the Dungeon)

   Detect:    It allows the wearer to sense nearby creatures.
   Stab+:     It allows the wearer to make particularly effective stabbing
   attacks against helpless or unaware enemies with any weapon.
   Stlth++:   It makes you much more stealthy.
Jewellery
 f - a ring of positive energy (left tentacle)
   (You found it on level 1 of the Dungeon)
Talismans
 b - a beast talisman
 c - a flux talisman (active)
Scrolls
 g - 2 scrolls of teleportation
 i - a scroll of enchant weapon
 k - a scroll of fear {unknown}
 o - a scroll of amnesia {unknown}
 p - a scroll of noise
 q - a scroll of fog {unknown}
Potions
 a - 2 potions of lignification
 d - a potion of brilliance
 h - a potion of ambrosia
 l - 2 potions of haste
 m - a potion of magic
 n - 3 potions of curing

Dungeon Overview and Level Annotations

Branches:
Dungeon (4/15) Zot: 21105  Temple (1/1) D:4 Zot: 5955

Altars:
Ashenzari
Dithmenos
Fedhas
Gozag
Hepliaklqana
Kikubaaqudgha
Nemelex Xobeh
Sif Muna
Trog
Uskayaw
Vehumet
Wu Jian
Xom
Zin
The Shining One

Shops:
D:1

[
#...####...#########
#...................
#...................
#...............^...
#...###....###..##.#
#...######## #######
#.....# # #.....# #
#..p..# # #.O...# #
#.....# #.....+
#######


You could see an ogre (heavy contam).


Message History

A goblin is nearby!
Unknown command.
The goblin shouts!
The goblin barely misses you.
You tentacle-slap the goblin.
The goblin begins to glow.
You grab the goblin. You squeeze the goblin.
You kill the goblin!
Things that are here:
a +0 club; a goblin corpse Unknown command.
Found a stone staircase leading up.
You now have 196 gold pieces (gained 14).
A hound comes into view.
A hound is nearby!
A hound is nearby!
A hound is nearby!
A ball python comes into view.
The helpless hound fails to defend itself.
You bludgeon the hound!
The hound begins to glow.
Your grab misses the hound. The hound bites you.
The hound bites you but does no damage. 😕 HP[-3]
You take 3 damage, and now have 18/21 hp.
You tentacle-slap the hound.
The hound glows dangerously bright.
Your grab misses the hound. The hound completely misses you.
You tentacle-slap the hound but do no damage.
The hound shudders as magic cascades through it!!
You kill the hound!
Training target 4.0 for Unarmed Combat reached!
Your Unarmed Combat skill increases to level 4! 😕 HP[+1]
You now have 22 max hp (+1).
The ball python hisses angrily.
The ball python closely misses you. x2
Unknown command.
You closely miss the ball python. Your grab misses the ball python.
The ball python closely misses you.
The ball python completely misses you. 😕 HP[+1]
You closely miss the ball python. You grab the ball python.
You constrict the ball python. The ball python misses you. x2
You tentacle-slap the ball python.
You kill the ball python!
Unknown command.
Found an escape hatch in the floor. 😕 HP[+1]
You now have 210 gold pieces (gained 14).
You now have 220 gold pieces (gained 10).
You open the door.
There is an open door here.
A hobgoblin comes into view. 😎 HP[+1]
Your hp is fully restored (22).
The hobgoblin shouts!
You hear a shout!
A goblin comes into view. It is wielding a +0 club.
You tentacle-slap the hobgoblin.
The hobgoblin begins to glow.
You grab the hobgoblin. You constrict the hobgoblin.
You kill the hobgoblin!
You tentacle-slap the goblin.
The goblin begins to glow.
You grab the goblin. You constrict the goblin.
The goblin hits you with a +0 club. 😕 HP[-1]
You take 1 damage, and now have 21/22 hp.
Unknown command.
You tentacle-slap the goblin.
You kill the goblin!
No target in view!
No target in view!
Unknown command.
Things that are here:
a +0 club; a goblin corpse; 😎 HP[+1]
Your hp is fully restored (22).
Found a blossoming altar of Fedhas.
A kobold comes into view. It is wielding a +0 dagger.
The kobold moves out of view.
The kobold shouts!
There is an open door here.
A kobold is nearby!
The kobold misses you.
A kobold is nearby!
You barely miss the kobold. Your grab misses the kobold.
You squeeze the kobold. The kobold hits you but does no damage.
You tentacle-slap the kobold.
You kill the kobold!
Things that are here:
a +0 dagger; a kobold corpse No target in view!
You see here the +0 chain mail "Epidoenunn" {Contam rPois Regen+ Int+3}.
As you open the door, it creaks loudly!
There is an open door here.
An ogre comes into view. It is wielding a +0 giant club.
An ogre is nearby!
An ogre is nearby!
An ogre is nearby!
An ogre is nearby!
The helpless ogre fails to defend itself.
You bludgeon the ogre!
The ogre begins to glow.
The ogre barely misses you.
You tentacle-slap the ogre.
The ogre glows dangerously bright.
You squeeze the ogre. You completely miss the ogre.
The ogre hits you with a +0 giant club!!
Ouch! That really hurt!
You die...

Skill      XL: |  1  2  3  4  5 |
---------------+----------------+-----
Stealth        | 1 2 3 4 |  4.8
Unarmed Combat | 4 |  4.0
Fighting       | |  1.0
Dodging        | |  2.0
Shapeshifting  | |  3.7

Action                     |  1- 3 |  4- 6 || total
---------------------------+-------+-------++-------
  Melee: Unarmed           |    73 |    70 ||   143
         Constrict         |    18 |    20 ||    38
         Tentacles         |    16 |    11 ||    27
         Punch             |     1 |     2 ||     3
    Use: Scroll            |       |    10 ||    10
   Stab: Sleeping          |    11 |    13 ||    24
 Armour: Skin              |    34 |    26 ||    60
  Dodge: Dodged            |    53 |    32 ||    85
   Form: Flux              |       |     1 ||     1

Levels and vault maps discovered:
D:1:      minmay_arrival_five_plusses, layout_loops_corners, serial_shops,
          nicolae_shop_overgrown_old_shop
D:2:      layout_basic
D:3:      layout_rooms, nemelex_xobeh_ov_fountains_minmay,
          mainiacjoe_overflow_24_doors
D:4:      layout_gridville, lemuel_zombie_altar_yredelemnul,
          fedhas_ov_isle_minmay, minmay_temple_entry_mini_moons, uniq_sigmund
Temple:   chequers_temple_sunken

Notes
Turn   | Place    | Note
-------+----------+-------------------------------------------
     0 | D:1      | ytrimaz the Octopode Shapeshifter began the quest for the
                  | Orb.
     0 | D:1      | Reached XP level 1. HP: 13/13 MP: 1/1
     0 | D:1      | magus.rc [v1.9.6]
    13 | D:1      | You add the spells Summon Forest, Eringya's Noxious Bog and
                  | Summon Hydra to your library.
   100 | D:1      | Reached skill level 1 in Stealth
   169 | D:1      | Reached XP level 2. HP: 12/18 MP: 2/2
   292 | D:1      | Reached skill level 2 in Stealth
   402 | D:1      | Found Zoacaf's Antique Armour Emporium.
   457 | D:1      | Reached XP level 3. HP: 19/23 MP: 3/3
   709 | D:1      | Reached skill level 3 in Stealth
   812 | D:1      | You pick up a book of Misfortune and begin reading...
   812 | D:1      | You add the spells Inner Flame, Yara's Violent Unravelling
                  | and Enfeeble to your library.
  1153 | D:2      | Reached XP level 4. HP: 28/28 MP: 4/4
  1689 | D:2      | Reached skill level 4 in Stealth
  2162 | D:3      | You pick up a book of Storms and begin reading...
  2162 | D:3      | You add the spells Static Discharge, Airstrike and Summon
                  | Lightning Spire to your library.
  2268 | D:3      | Found a sparkling altar of Nemelex Xobeh.
  2344 | D:3      | Reached XP level 5. HP: 19/33 MP: 5/5
  2434 | D:3      | Found a shadowy altar of Dithmenos.
  2651 | D:4      | Found a staircase to the Ecumenical Temple.
  2660 | Temple   | Entered the Ecumenical Temple
  2686 | Temple   | Became a worshipper of Ashenzari the Shackled
  2774 | D:4      | Identified a scroll of acquirement
  2788 | D:4      | Acquired the +2 hood of the Assassin {Detect Stab+ Stlth++}
  2788 | D:4      | Found the +2 hood of the Assassin {Detect Stab+ Stlth++}
  2865 | D:4      | Reached skill level 4 in Unarmed Combat
  2908 | D:4      | Found a blossoming altar of Fedhas.
  2919 | D:4      | Identified the +0 chain mail "Epidoenunn" {Contam rPois
                  | Regen+ Int+3}
  2940 | D:4      | Noticed an ogre
  2948 | D:4      | Mangled by an ogre

Vanquished Creatures
  A hound (D:4)
  4 adders
  A worm (D:2)
  A dart slug (D:1)
  8 ball pythons
  7 bats
  5 endoplasms
  4 giant cockroaches
  8 goblins
  10 hobgoblins
  3 jackals (D:1)
  3 quokkas
  6 frilled lizards
  13 kobolds
  6 rats
80 creatures vanquished.

Table legend:
 A = Non-vault XP
 B = Vault XP
 C = Vault XP percentage of total XP
 D = Non-vault monster count
 E = Vault monster count
 F = Vault count percentage of total count
                 A         B        C        D         E       F
            +---------+---------+-------+---------+---------+-------
      Total |     225 |       0 |   0.0 |      80 |       0 |   0.0
            +---------+---------+-------+---------+---------+-------
        D:1 |      62 |       0 |   0.0 |      35 |       0 |   0.0
        D:2 |      64 |       0 |   0.0 |      18 |       0 |   0.0
        D:3 |      43 |       0 |   0.0 |      18 |       0 |   0.0
        D:4 |      56 |       0 |   0.0 |       9 |       0 |   0.0
            +---------+---------+-------+---------+---------+-------

Skill      XL: |  1  2  3  4  5 |
---------------+----------------+-----
Stealth        | 1 2 3 4 |  4.8
Unarmed Combat | 4 |  4.0
Fighting       | |  1.0
Dodging        | |  2.0
Shapeshifting  | |  3.7

Action                     |  1- 3 |  4- 6 || total
---------------------------+-------+-------++-------
  Melee: Unarmed           |    73 |    70 ||   143
         Constrict         |    18 |    20 ||    38
         Tentacles         |    16 |    11 ||    27
         Punch             |     1 |     2 ||     3
    Use: Scroll            |       |    10 ||    10
   Stab: Sleeping          |    11 |    13 ||    24
 Armour: Skin              |    34 |    26 ||    60
  Dodge: Dodged            |    53 |    32 ||    85
   Form: Flux              |       |     1 ||     1

Illustrated notes

Table legend:
 A = Kills in this place as a percentage of kills in the entire game.
 B = Kills by you in this place as a percentage of kills by you in the entire game.
 C = Kills by friends in this place as a percentage of kills by friends in the entire game.
 D = Other kills in this place as a percentage of other kills in the entire game.
 E = Experience gained in this place as a percentage of experience gained in the entire game.
 F = Experience gained in this place divided by the number of levels of this place that you have seen.
                   A       B       C       D       E      F
               +-------+-------+-------+-------+-------+----------------------
         Total | 100.0 | 100.0 |   N/A |   N/A | 100.0 |  45.0
       Dungeon | 100.0 | 100.0 |   N/A |   N/A | 100.0 |  56.2
               +-------+-------+-------+-------+-------+----------------------

Table legend: (Time is in decaauts)
 A = Elapsed time spent in this place.
 B = Non-inter-level travel time spent in this place.
 C = Inter-level travel time spent in this place.
 D = Time resting spent in this place.
 E = Time spent auto-exploring this place.
 F = Levels seen in this place.
 G = Mean time per level.
                   A        B        C        D        E       F      G
               +--------+--------+--------+--------+--------+-----+--------+
         Total |   2938 |   2801 |    137 |      0 |   2174 |   5 |  587.6 |
       Dungeon |   2893 |   2773 |    120 |      0 |   2174 |   4 |  723.2 |
        Temple |     44 |     27 |     17 |      0 |      0 |   1 |   44.0 |
               +--------+--------+--------+--------+--------+-----+--------+

Top non-repeatable levels by time:
     D:1: 1056 daAuts
     D:2: 971 daAuts
     D:3: 613 daAuts
     D:4: 251 daAuts
  Temple: 44 daAuts
